 Dungeon Crawl Stone Soup version 0.28-a0-1395-g4f6bc678fa (webtiles) character file.

Game seed: 14510793807755362137

1674 bladeefan the Cudgeller (level 8, -4/64 HPs)
             Began as a Demonspawn Fighter on Jan 4, 2022.
             Was an Initiate of Yredelemnul.
             Engulfed by a cloud of steam (9 damage)
             ... on level 8 of the Dungeon.
             The game lasted 00:12:28 (9981 turns).

bladeefan the Cudgeller (Demonspawn Fighter)        Turns: 9981, Time: 00:12:28

Health: -4/64      AC:  8    Str: 19    XL:     8   Next: 70%
Magic:  8/8        EV: 14    Int: 16    God:    Yredelemnul [......]
Gold:   254        SH:  5    Dex: 12    Spells: 7/7 levels left

rFire   . . .      SeeInvis +   s - +3 flail
rCold   . . .      Faith    .   c - +0 buckler
rNeg    . . .      Spirit   .   b - +0 scale mail
rPois   .          Reflect  .   (helmet restricted)
rElec   .          Harm     .   r - +0 cloak
rCorr   .          Rampage  .   (no gloves)
Will    .....                   (no boots)
Stlth   ..........              (no amulet)
HPRegen 0.20/turn               q - +6 ring of intelligence
MPRegen 0.11/turn               z - ring of see invisible

@: agile
A: antennae 1, hooves 1, powered by pain 1, demonic touch 2
a: Renounce Religion, Recall Undead Harvest


You were on level 8 of the Dungeon.
You worshipped Yredelemnul.
Yredelemnul was noncommittal.
You visited 2 branches of the dungeon, and saw 9 of its levels.

You collected 306 gold pieces.
You spent 52 gold pieces at shops.

Inventory:

Hand Weapons
 s - a +3 flail (weapon)
   (You took it off an orc on level 4 of the Dungeon)
Armour
 a - an orb of energy
   (You found it on level 4 of the Dungeon)
 b - a +0 scale mail (worn)
 c - a +0 buckler (worn)
 i - a +0 helmet
   (You found it on level 2 of the Dungeon)
 r - a +0 cloak (worn)
   (You took it off Crazy Yiuf on level 3 of the Dungeon)
 x - a +1 hat
   (You found it on level 6 of the Dungeon)
 D - an orb of mayhem
   (You found it on level 8 of the Dungeon)
Jewellery
 e - an amulet of magic regeneration
   (You found it on level 5 of the Dungeon)
 q - a +6 ring of intelligence (left hand)
   (You found it on level 3 of the Dungeon)
 z - a ring of see invisible (right hand)
   (You found it on level 6 of the Dungeon)
 E - a ring of flight
   (You found it on level 8 of the Dungeon)
Wands
 d - a wand of iceblast (9)
   (You found it on level 4 of the Dungeon)
 A - a wand of charming (8)
   (You found it on level 7 of the Dungeon)
Scrolls
 h - a scroll of noise {!r}
 j - a scroll of fog
 o - 7 scrolls of teleportation {@r4}
 u - a scroll of enchant armour
 y - 2 scrolls of silence
 C - a scroll of vulnerability {unknown}
Potions
 f - a potion of resistance
 g - a potion of haste {@q3}
 k - a potion of flight {unknown}
 l - 4 potions of degeneration {unknown}
 m - 5 potions of attraction {!q}
 n - 2 potions of heal wounds {@q2}
 p - 5 potions of curing {@q1}
 t - a potion of might
 v - 2 potions of magic {unknown}
 w - a potion of lignification {!q}
 B - 2 potions of berserk rage {unknown}


   Skills:
 + Level 5.7 Fighting
 * Level 6.6 Maces & Flails
 + Level 5.3 Armour
 + Level 5.2 Shields


You had 7 spell levels left.
You didn't know any spells.
Your spell library contained the following spells:

 Spells                   Type           Power      Damage    Failure   Level
 Animate Skeleton         Necr           0%         N/A       56%         1
 Pain                     Necr           0%         1d4       56%         1
 Summon Small Mammal      Summ           0%         N/A       56%         1
 Call Canine Familiar     Summ           0%         N/A       91%         3
 Dazzling Flash           Conj/Hex       0%         N/A       91%         3
 Summon Guardian Golem    Hex/Summ       0%         N/A       91%         3
 Vampiric Draining        Necr           0%         2d6       91%         3
 Iskenderun's Mystic Bla  Conj/Tloc      0%         2d3       100%        4
 Starburst                Conj/Fire      0%         6d3       100%        6


Dungeon Overview and Level Annotations

Branches:
Dungeon (8/15)             Temple (1/1) D:5
   Lair: D:8-11

Altars:
Ashenzari
Cheibriados
Dithmenos
Elyvilon
Fedhas
Gozag
Hepliaklqana
Kikubaaqudgha
Makhleb
Nemelex Xobeh
Okawaru
Qazlal
Ru
Sif Muna
Trog
Uskayaw
Vehumet
Wu Jian
Xom
Yredelemnul
Zin
The Shining One

Shops:
D:5 :[(?

Annotations:
D:3 2 transporters, derath95's ghost, amateur DrEE
D:7 Pikel


Innate Abilities, Weirdness & Mutations

You have a pair of small antennae on your head.
You have large cloven feet.
You sometimes gain a little power by taking damage.
Your touch may inflict irresistible damage on your foes.


Message History

Found a shiny emerald ring.
E - a ring of flight A steam dragon comes into view.
The steam dragon hisses angrily.
A steam dragon is nearby!
A steam dragon is nearby!
The steam dragon breathes steam at you. The ball of steam hits you!
No target in view!
No target in view!
No target in view!
No target in view!
No target in view!
You are engulfed in a cloud of scalding steam.
The steam dragon breathes steam at you. The ball of steam hits you!
* * * LOW HITPOINT WARNING * * *
You focus on the pain.
You feel agile all of a sudden.
A steam dragon is nearby!
The steam dragon bites you.
* * * LOW HITPOINT WARNING * * *
The steam dragon closely misses you.
You hit the steam dragon but do no damage.
You kick the steam dragon, but do no damage.
You block the steam dragon's attack. The steam dragon closely misses you.
You sock the steam dragon! Your kick misses the steam dragon.
The steam dragon breathes steam at you. The ball of steam misses you.
You sock the steam dragon! Your kick misses the steam dragon.
You are engulfed in a cloud of scalding steam.
The steam dragon bites you but does no damage.
The steam dragon claws you.
* * * LOW HITPOINT WARNING * * *
The steam dragon bites you but does no damage.
The steam dragon claws you but does no damage.
The steam dragon bites you.
* * * LOW HITPOINT WARNING * * *
The steam dragon claws you.
* * * LOW HITPOINT WARNING * * *
You hit the steam dragon.
You kick the steam dragon, but do no damage.
The steam dragon breathes steam at you. The ball of steam hits you!
* * * LOW HITPOINT WARNING * * *
You thump the steam dragon!
You kill the steam dragon!
You are engulfed in a cloud of scalding steam.
You die...
Your body rises from the dead as a mindless zombie.

#.. ....## .. #....##
#D## #.....##. §§#
#........ #D# #......#
#D######....###
#..#.......##
####......##..###
####§@....######...###
#...§.##..# ##......
......######.#
#....### ....## #..#
#..### ... #<.# #.####
.. ....###....### .
###...........
##..........
#.....#####


There were no monsters in sight!

Vanquished Creatures
  Sigmund (D:2)
  2 steam dragons (D:8)
  A sky beast (D:5)
  2 ice beasts
  3 lemures
  A phantom (D:5)
  2 bullfrogs
  A water moccasin skeleton (D:6)
  Crazy Yiuf (D:3)
  2 orc priests
  A hound (D:5)
  A centaur skeleton (D:7)
  Natasha (thrice) (D:2)
  2 gnoll shamans
  A howler monkey zombie (D:7)
  11 gnolls
  11 adders
  An ufetubus (D:6)
  An adder skeleton (D:4)
  2 worms
  2 dart slugs
  20 orcs
  3 bats
  5 endoplasms
  3 giant cockroaches
  6 goblins
  3 hobgoblins
  6 jackals
  2 quokkas
  7 ball pythons
  2 frilled lizards
  3 kobolds
  2 rats
114 creatures vanquished.

Vanquished Creatures (collateral kills)
  2 ogres (D:6)
  A water moccasin skeleton (D:5)
  An adder (D:6)
  A shadow imp (D:6)
5 creatures vanquished.

Vanquished Creatures (others)
  A gnoll zombie (D:7)
  5 orc zombies
  19 plants (D:2)
25 creatures vanquished.

Grand Total: 144 creatures vanquished

Notes
Turn   | Place    | Note
-------+----------+-------------------------------------------
     0 | D:1      | bladeefan the Demonspawn Fighter began the quest for the
                  | Orb.
     0 | D:1      | Reached XP level 1. HP: 18/18 MP: 1/1
   821 | D:1      | Reached skill level 2 in Maces & Flails
  1061 | D:2      | Discovered your monstrous ancestry.
  1061 | D:2      | Gained mutation: Your touch may inflict minor irresistible
                  | damage on your foes. [demonic ancestry]
  1061 | D:2      | Reached XP level 2. HP: 24/24 MP: 2/2
  1306 | D:2      | Noticed Natasha
  1313 | D:2      | Killed Natasha
  1314 | D:2      | Reached XP level 3. HP: 6/29 MP: 3/3
  1580 | D:2      | Noticed Natasha
  1600 | D:2      | Noticed Sigmund
  1628 | D:2      | Killed Sigmund
  1629 | D:2      | Reached skill level 3 in Maces & Flails
  1629 | D:2      | Gained mutation: You have large cloven feet. [demonic
                  | ancestry]
  1629 | D:2      | Reached XP level 4. HP: 26/37 MP: 4/4
  1629 | D:2      | Gained mutation: Your touch may inflict irresistible damage
                  | on your foes. [demonic ancestry]
  1629 | D:2      | Reached XP level 5. HP: 30/42 MP: 5/5
  1679 | D:2      | Killed Natasha
  2253 | D:2      | Noticed Natasha
  2258 | D:2      | Killed Natasha
  2259 | D:2      | Gained mutation: You sometimes gain a little power by
                  | taking damage. [demonic ancestry]
  2259 | D:2      | Reached XP level 6. HP: 39/48 MP: 6/6
  2654 | D:3      | Reached skill level 4 in Maces & Flails
  3081 | D:3      | Found a transporter.
  3090 | D:3      | Noticed derath95's ghost (amateur DrEE)
  3093 | D:3      | Found a transporter.
  3116 | D:3      | Found a runed translucent door.
  3117 | D:3      | Noticed Crazy Yiuf
  3285 | D:3      | Killed Crazy Yiuf
  5126 | D:5      | Entered Level 5 of the Dungeon
  5174 | D:5      | Found Itaneig's Book Boutique.
  5295 | D:5      | Reached XP level 7. HP: 38/55 MP: 7/7
  5408 | D:5      | Found Dut Surch's Armour Boutique.
  5502 | D:5      | Found a staircase to the Ecumenical Temple.
  5526 | Temple   | Entered the Ecumenical Temple
  5769 | Temple   | Became a worshipper of Yredelemnul the Dark
  5804 | D:5      | Reached skill level 5 in Maces & Flails
  5903 | D:5      | Reached * piety under Yredelemnul
  5919 | D:5      | Found a broken altar of Ashenzari.
  5928 | D:5      | Found Pakurraph's Magic Scroll Shop.
  6054 | D:5      | Bought a scroll of identify for 26 gold pieces
  6054 | D:5      | Bought a scroll of identify for 26 gold pieces
  6071 | D:5      | Found Yxoesefe's Weapon Boutique.
  7075 | D:6      | Reached skill level 5 in Fighting
  7075 | D:6      | Gained mutation: You have a pair of small antennae on your
                  | head. [demonic ancestry]
  7075 | D:6      | Reached XP level 8. HP: 28/62 MP: 8/8
  7076 | D:6      | Reached ** piety under Yredelemnul
  7576 | D:6      | Reached *** piety under Yredelemnul
  7576 | D:6      | Reached skill level 6 in Maces & Flails
  7981 | D:6      | Reached skill level 5 in Armour
  8214 | D:7      | Reached skill level 5 in Shields
  8624 | D:7      | Found an opulent altar of Gozag.
  8752 | D:7      | Noticed Pikel
  9349 | D:7      | Found an ancient bone altar of Kikubaaqudgha.
  9981 | D:8      | Engulfed by a cloud of steam

Illustrated notes

Levels and vault maps discovered:
D:1:      amcnicky_arrival_abandoned_market, layout_basic
D:2:      layout_basic, serial_bayou_lagoon_b, uniq_sigmund, uniq_natasha
D:3:      layout_loops_cross, gammafunk_ghost_arena, serial_park_tiny_pond,
          uniq_crazy_yiuf_cottage
D:4:      layout_cave_pods
D:5:      layout_layer_cave, mainiacjoe_overflow_concentric_impassable,
          minmay_temple_entry_tees, serial_shops, nicolae_shop_trees,
          nicolae_shop_bloodbath_and_beyond, shop, shop
D:6:      layout_gridville
D:7:      layout_loops_ring, general_overflow_altar, lemuel_round_altar,
          uniq_pikel
D:8:      layout_layer_cave, minmay_pinched_square
Temple:   mainiacjoe_temple_bowtie_tessellation

Skill      XL: |  1  2  3  4  5  6  7  8 |
---------------+-------------------------+-----
Maces & Flails | 2 3 4 5 6 |  6.6
Armour         | 3 4 5 |  5.3
Shields        | 3 4 5 |  5.2
Fighting       | 4 5 |  5.7

Action                   |  1- 3 |  4- 6 |  7- 9 || total
-------------------------+-------+-------+-------++-------
Melee: Flail             |    62 |   159 |   168 ||   389
       Kick              |       |    41 |    43 ||    84
  Use: Potion            |     1 |       |       ||     1
       Scroll            |       |     5 |     7 ||    12
Armor: Scale mail        |    35 |    56 |    65 ||   156
Dodge: Dodged            |    32 |    87 |    76 ||   195
Block: Buckler           |    13 |    36 |    42 ||    91

Table legend: (Time is in decaauts)
 A = Elapsed time spent in this place.
 B = Non-inter-level travel time spent in this place.
 C = Inter-level travel time spent in this place.
 D = Time resting spent in this place.
 E = Time spent auto-exploring this place.
 F = Levels seen in this place.
 G = Mean time per level.
                   A        B        C        D        E       F      G
               +--------+--------+--------+--------+--------+-----+--------+
         Total |  10095 |   9766 |    329 |   2333 |   5984 |   9 | 1121.7 |
       Dungeon |   9826 |   9547 |    279 |   2333 |   5780 |   8 | 1228.2 |
        Temple |    268 |    218 |     50 |      0 |    204 |   1 |  268.0 |
               +--------+--------+--------+--------+--------+-----+--------+

Top non-repeatable levels by time:
     D:3: 1860 daAuts
     D:6: 1829 daAuts
     D:2: 1418 daAuts
     D:5: 1375 daAuts
     D:7: 1028 daAuts
     D:1: 981 daAuts
     D:4: 956 daAuts
     D:8: 376 daAuts
  Temple: 268 daAuts
